[Event "Titled Tuesday Blitz November 22 Early 2022"]
[White "Korchmar, Vasiliy"]
[Black "Zacurdajev, Dmitry"]
[WhiteFideId "24131750"]
[BlackFideId "4196309"]
[WhiteElo "2370"]
[BlackElo "2179"]
[Result "1-0"]
[Round "07"]
[TimeControl "180+1"]
[Date "2022.11.23"]
[WhiteClock "0:00:02"]
[BlackClock "0:00:04"]

1. e4 c6 2. d4 d5 3. e5 c5 4. dxc5 Nc6 5. Nf3 e6 6. Bd3 Bxc5 7. O-O Nge7 8. a3 Ng6 9. b4 Bb6 10. Re1 Qc7 11. Bb2 a6 12. Nbd2 Nf4 13. Bf1 Bd7 14. c4 Ne7 15. c5 Ba7 16. g3 Nfg6 17. h4 b6 18. h5 Nf8 19. Rc1 bxc5 20. bxc5 Rb8 21. Bd4 Bb5 22. h6 g6 23. a4 Bxf1 24. Nxf1 Nc6 25. Ne3 Nd7 26. Ng4 O-O 27. Qd2 Qa5 28. Qf4 Qd8 29. Kg2 Rb4 30. Qe3 Rxa4 31. Rc2 Nxd4 32. Nxd4 Bxc5 33. Rxc5 Nxc5 34. Nc6 Qc7 35. Qf3 Nd7 36. Nf6+ Kh8 37. Nxd7 f5 38. Nxf8 Qxc6 39. Rb1 Qe8 40. Qb3 Rc4 41. Nxe6 Qxe6 42. Qb7 Qg8 43. e6 Rc8 44. Qd7 Qe8 45. Qg7# 1-0


[Site "https://www.chess.com"]

[Event "Titled Tuesday Blitz November 22 Early 2022"]
[White "Koridze, Lile"]
[Black "Devaev, Alexander"]
[WhiteFideId "13612514"]
[BlackFideId "4169395"]
[WhiteElo "2050"]
[BlackElo "2225"]
[Result "1-0"]
[Round "07"]
[TimeControl "180+1"]
[Date "2022.11.23"]
[WhiteClock "0:00:18"]
[BlackClock "0:00:11"]

1. d4 Nf6 2. c4 e6 3. Nf3 c5 4. e3 cxd4 5. exd4 d5 6. Nc3 Bb4 7. Bd3 dxc4 8. Bxc4 Nc6 9. O-O O-O 10. Bg5 Bxc3 11. bxc3 Ne7 12. Ne5 Qd6 13. Bxf6 gxf6 14. Ng4 Qf4 15. g3 Qg5 16. h4 Qg7 17. Qf3 f5 18. Ne5 Ng6 19. Nxg6 hxg6 20. Qf4 a5 21. Kg2 a4 22. a3 Ra5 23. Qc7 Ra8 24. Rab1 Qf6 25. Rb6 Qd8 26. Qxd8 Rxd8 27. Rfb1 Rd7 28. R1b4 Rc7 29. Kf1 Kf8 30. Ke2 Ke7 31. Kd3 Ra5 32. Bb5 e5 33. Rxa4 Rxa4 34. Bxa4 exd4 35. cxd4 Rc1 36. Kd2 Rf1 37. Ke2 Ra1 38. Rb3 Kd6 39. Be8 Be6 40. Rxb7 Ra2+ 41. Ke3 Rxa3+ 42. Kf4 Bd5 43. Rb2 Rd3 44. Kg5 Rxd4 45. Kf6 f4 46. Bxf7 fxg3 47. fxg3 Bxf7 48. Kxf7 Rg4 49. Rb3 Ke5 50. Kg7 Kf5 51. Kh6 Kf6 52. Ra3 Kf7 53. Rf3+ Ke6 54. Kg7 Ke5 55. Kf7 Ke4 56. Rf4+ Rxf4+ 57. gxf4 Kxf4 58. Kxg6 Ke5 59. h5 1-0


[Site "https://www.chess.com"]

[Event "Titled Tuesday Blitz November 22 Early 2022"]
[White "Kravtsiv, Martyn"]
[Black "Goroshkov, Maksym"]
[WhiteFideId "14113147"]
[BlackFideId "14142716"]
[WhiteElo "2694"]
[BlackElo "2257"]
[Result "1-0"]
[Round "07"]
[TimeControl "180+1"]
[Date "2022.11.23"]
[WhiteClock "0:00:28"]
[BlackClock "0:00:20"]

1. e4 e5 2. Nf3 d6 3. d4 Bg4 4. dxe5 Nd7 5. Nc3 dxe5 6. Bc4 Ngf6 7. h3 Bh5 8. Qe2 c6 9. Bd2 Qc7 10. O-O-O O-O-O 11. g4 Bg6 12. Nh4 Bb4 13. Nxg6 fxg6 14. a3 Bxc3 15. Bxc3 Nc5 16. f3 b5 17. Ba2 Na4 18. Bd2 Rd6 19. Bb4 Rxd1+ 20. Rxd1 Rd8 21. Be6+ Kb7 22. b3 Nb6 23. Rxd8 Qxd8 24. Qd2 Qe8 25. Qd6 Nc8 26. Bxc8+ Kxc8 27. Ba5 Kb7 28. Qc7+ Ka6 29. Bc3 Qd7 30. Qxe5 Ne8 31. Qc5 Nc7 32. f4 Ne6 33. Qe5 g5 34. fxg5 g6 35. Kb2 Kb7 36. h4 Nc7 37. Ba5 Ne6 38. Qf6 Nc5 39. Qe5 Ne6 40. Be1 Nc7 41. Bg3 Na6 42. h5 Qxg4 43. Qg7+ Ka8 44. Qg8+ Kb7 45. Qxh7+ Ka8 46. Qg8+ Kb7 47. Qg7+ Ka8 48. h6 Nc5 49. Qf8+ Kb7 50. Qxc5 Qxg3 51. Qc3 Qh4 52. Qg7+ Kb6 53. h7 1-0


[Site "https://www.chess.com"]

[Event "Titled Tuesday Blitz November 22 Early 2022"]
[White "Kriti Mayur Patel"]
[Black "Van Osch, Mees"]
[WhiteFideId "35061780"]
[BlackFideId "1035967"]
[WhiteElo "1306"]
[BlackElo "2324"]
[Result "0-1"]
[Round "07"]
[TimeControl "180+1"]
[Date "2022.11.23"]
[WhiteClock "0:02:18"]
[BlackClock "0:02:13"]

1. e4 c5 2. d4 cxd4 3. c3 d5 4. exd5 Qxd5 5. cxd4 Nc6 6. Nf3 Bg4 7. Nc3 Bxf3 8. Nxd5 Bxd1 9. Nc7+ Kd7 10. Nxa8 Bh5 11. Bf4 e6 12. Nc7 Bb4+ 13. Bd2 Bxd2+ 14. Kxd2 Kxc7 15. Rc1 Ne7 16. Bc4 Rd8 17. Ke3 Nf5+ 18. Kf4 Rxd4+ 19. Kg5 h6+ 20. Kxh5 Rh4# 0-1


[Site "https://www.chess.com"]

[Event "Titled Tuesday Blitz November 22 Early 2022"]
[White "Kulkarni, Vikramaditya"]
[Black "Narayanan, Srinath"]
[WhiteFideId "5009847"]
[BlackFideId "5018420"]
[WhiteElo "2273"]
[BlackElo "2459"]
[Result "1/2-1/2"]
[Round "07"]
[TimeControl "180+1"]
[Date "2022.11.23"]
[WhiteClock "0:00:24"]
[BlackClock "0:00:16"]

1. e4 c6 2. Nf3 d5 3. d3 g6 4. Be2 Bg7 5. O-O Nf6 6. e5 Nfd7 7. d4 O-O 8. Re1 f6 9. exf6 Nxf6 10. h3 Bf5 11. Nbd2 Nbd7 12. Nf1 Ne4 13. Bd3 e5 14. Ne3 Nxf2 15. Kxf2 e4 16. Nxf5 Rxf5 17. Bxe4 dxe4 18. Rxe4 Nc5 19. Rf4 Rxf4 20. Bxf4 Ne4+ 21. Kg1 Qb6 22. b3 Rd8 23. Be3 c5 24. Qd3 cxd4 25. Rd1 Nc3 26. Qc4+ Kf8 27. Rf1 dxe3 28. Ng5+ Ke7 29. Rf7+ Ke8 30. Rf8+ Kd7 31. Qg4+ Kc6 32. Qc4+ Kd7 33. Rf7+ Ke8 34. Rf8+ Kd7 1/2-1/2


[Site "https://www.chess.com"]

[Event "Titled Tuesday Blitz November 22 Early 2022"]
[White "Kuznetsov, Mikhail"]
[Black "Ginzburg, Yakov"]
[WhiteFideId "4117190"]
[BlackFideId "4157176"]
[WhiteElo "1981"]
[BlackElo "2305"]
[Result "0-1"]
[Round "07"]
[TimeControl "180+1"]
[Date "2022.11.23"]
[WhiteClock "0:00:12"]
[BlackClock "0:00:16"]

1. Nf3 Nf6 2. g3 d5 3. Bg2 h5 4. h4 Nc6 5. d4 Ne4 6. O-O Bf5 7. Nbd2 e6 8. Nxe4 Bxe4 9. Ng5 Bxg2 10. Kxg2 Qd7 11. c3 Be7 12. Bf4 f6 13. Nf3 O-O-O 14. Rh1 Bd6 15. Bxd6 Qxd6 16. b4 e5 17. e3 e4 18. Nd2 Ne7 19. a3 Nf5 20. c4 g5 21. hxg5 h4 22. Qg4 Qe6 23. Qh3 fxg5 24. cxd5 Rxd5 25. Rac1 g4 26. Qh2 h3+ 27. Kf1 Rf8 28. Ke2 Qa6+ 29. Ke1 Qxa3 30. Rb1 Qd3 31. Rb3 Qc2 32. Ke2 Rxd4 33. exd4 Nxd4+ 34. Ke3 Nxb3 35. Nxb3 Qd3# 0-1


[Site "https://www.chess.com"]

[Event "Titled Tuesday Blitz November 22 Early 2022"]
[White "Kvaloy, Aksel Bu"]
[Black "Ronka, Erik"]
[WhiteFideId "1528815"]
[BlackFideId "505080"]
[WhiteElo "2184"]
[BlackElo "2264"]
[Result "1-0"]
[Round "07"]
[TimeControl "180+1"]
[Date "2022.11.23"]
[WhiteClock "0:01:43"]
[BlackClock "0:02:16"]

1. e4 c5 2. Nf3 e6 3. d4 cxd4 4. Nxd4 Nf6 5. Nc3 d6 6. g4 h6 7. h4 Nc6 8. Rg1 d5 9. exd5 Nxd5 10. Nde2 Bb4 11. Bd2 O-O 12. Nxd5 exd5 13. Bxb4 Nxb4 14. Qd2 a5 15. a3 Nc6 16. g5 h5 17. O-O-O Be6 18. Nf4 d4 19. Nxh5 Qd5 20. Nf6+ gxf6 21. gxf6+ Kh7 22. Rg7+ 1-0


[Site "https://www.chess.com"]

[Event "Titled Tuesday Blitz November 22 Early 2022"]
[White "Lakshmi C"]
[Black "Sreyas Payyappat"]
[WhiteFideId "25035347"]
[BlackFideId "46674969"]
[WhiteElo "1865"]
[BlackElo "2083"]
[Result "0-1"]
[Round "07"]
[TimeControl "180+1"]
[Date "2022.11.23"]
[WhiteClock "0:00:02"]
[BlackClock "0:00:45"]

1. e4 c6 2. Nc3 d5 3. Nf3 dxe4 4. Nxe4 Nf6 5. Ng3 Bg4 6. Be2 e6 7. d4 Bd6 8. O-O O-O 9. Bg5 h6 10. Be3 Nd5 11. Ne4 Bf5 12. Nxd6 Qxd6 13. Ne5 Nd7 14. Nc4 Qc7 15. Bd3 Bxd3 16. Qxd3 Rfe8 17. Bd2 e5 18. dxe5 Nxe5 19. Nxe5 Qxe5 20. c3 Qe2 21. Qc2 Nf4 22. Rae1 Qd3 23. Qd1 Rxe1 24. Qxe1 Ne2+ 25. Kh1 Rd8 26. Be3 f5 27. Bxa7 Ra8 28. Bb6 Rxa2 29. Qb1 Qxb1 30. Rxb1 Nf4 31. Bd4 Nd3 32. c4 c5 33. Be3 f4 34. Bd2 Nxf2+ 35. Kg1 Nd3 36. Bc3 Kf7 37. b4 cxb4 38. Bxb4 Nxb4 39. Rxb4 Ra7 40. c5 g5 41. Kf2 Ke6 42. Rb6+ Kf5 43. g3 Ra2+ 44. Kf1 Rxh2 45. gxf4 g4 46. Rxb7 Kxf4 47. Rf7+ Kg3 48. c6 Rc2 49. c7 h5 50. Rg7 h4 51. Rd7 h3 52. Rd3+ Kh4 53. Rd2 Rxc7 0-1


[Site "https://www.chess.com"]

[Event "Titled Tuesday Blitz November 22 Early 2022"]
[White "Larina, Maria"]
[Black "Kuchava, Ana"]
[WhiteFideId "24113182"]
[BlackFideId "13605348"]
[WhiteElo "1848"]
[BlackElo "2001"]
[Result "0-1"]
[Round "07"]
[TimeControl "180+1"]
[Date "2022.11.23"]
[WhiteClock "0:00:03"]
[BlackClock "0:00:08"]

1. e4 c5 2. Nc3 Nc6 3. g3 g6 4. Bg2 Bg7 5. d3 e6 6. Be3 d6 7. Nge2 Nge7 8. Qd2 Nd4 9. O-O O-O 10. Nd1 a6 11. c3 Nxe2+ 12. Qxe2 b5 13. Qd2 Bb7 14. d4 cxd4 15. Bxd4 e5 16. Be3 f5 17. exf5 Bxg2 18. Kxg2 Nxf5 19. Bg5 Qb6 20. Qd5+ Kh8 21. Ne3 Nxe3+ 22. Bxe3 Qc7 23. Rad1 Rad8 24. Bg5 Rd7 25. f4 h6 26. Bh4 Rf5 27. Qe6 Qc6+ 28. Kh3 exf4 29. Qxg6 Rdf7 30. Rxd6 Qc4 31. Rd8+ Rf8 32. Rxf8+ Rxf8 33. Rf3 Qe2 34. Qg4 Qxb2 35. Rxf4 Rg8 36. Qe6 Qxc3 37. Rf7 Qc4 38. Qxc4 bxc4 39. Ra7 Rc8 40. Rxa6 c3 0-1


[Site "https://www.chess.com"]

[Event "Titled Tuesday Blitz November 22 Early 2022"]
[White "Lauridsen, Jesper Morch"]
[Black "Donskov, Anatoly"]
[WhiteFideId "1401890"]
[BlackFideId "24143413"]
[WhiteElo "2239"]
[BlackElo "2219"]
[Result "0-1"]
[Round "07"]
[TimeControl "180+1"]
[Date "2022.11.23"]
[WhiteClock "0:00:04"]
[BlackClock "0:00:18"]

1. b3 Nf6 2. Bb2 g6 3. e3 Bg7 4. c4 O-O 5. Nf3 d6 6. Be2 c5 7. d4 cxd4 8. Nxd4 Nc6 9. O-O Qc7 10. Nc3 Nxd4 11. Qxd4 Be6 12. Rac1 Qa5 13. a3 a6 14. b4 Qd8 15. Nd5 Ne8 16. Qd2 Bxb2 17. Qxb2 Rc8 18. Nf4 Bd7 19. Rfd1 Nf6 20. Bf3 Qc7 21. h3 Bc6 22. Nd5 Bxd5 23. cxd5 Qd7 24. g4 h6 25. Kg2 Qb5 26. h4 Rxc1 27. Qxc1 Qd7 28. Qc4 Rc8 29. Qf4 Kg7 30. g5 hxg5 31. hxg5 Nh7 32. Rh1 Qf5 33. Qd4+ Kg8 34. Bg4 Qxg5 35. Kf3 Rc2 36. Qe4 Qf6+ 37. Qf4 Ng5+ 38. Kg3 Qxf4+ 39. exf4 Ne4+ 40. Kf3 f5 41. Bh3 Rxf2+ 42. Ke3 Ra2 43. Bf1 Rxa3+ 44. Kd4 Ng3 45. Rg1 Nxf1 46. Rxf1 Kf7 47. Rc1 Rf3 48. Rc7 Rxf4+ 49. Kc3 g5 50. Rxb7 g4 51. Rb6 g3 52. Rxa6 g2 53. Ra1 Rf1 54. Rxf1 gxf1=Q 55. Kd4 Qb5 56. Kc3 Qxd5 57. Kb2 Qc4 58. Ka3 d5 59. Ka4 d4 60. Ka5 d3 61. b5 d2 62. b6 d1=Q 63. b7 Qc5+ 64. Ka6 Qa4# 0-1


[Site "https://www.chess.com"]

[Event "Titled Tuesday Blitz November 22 Early 2022"]
[White "Levine, David"]
[Black "Mihailidis, Anastasios"]
[WhiteFideId "2011611"]
[BlackFideId "4205588"]
[WhiteElo "2194"]
[BlackElo "2312"]
[Result "0-1"]
[Round "07"]
[TimeControl "180+1"]
[Date "2022.11.23"]
[WhiteClock "0:01:24"]
[BlackClock "0:01:42"]

1. d4 d5 2. c4 e6 3. g3 Nf6 4. Bg2 Be7 5. Nf3 O-O 6. O-O dxc4 7. Qc2 a6 8. a4 Bd7 9. Qxc4 b5 10. Qc2 bxa4 11. Nc3 Nd5 12. Nxa4 Bxa4 13. Qxa4 Qd7 14. Ne5 Qxa4 15. Rxa4 f6 16. Nd3 Nd7 17. Bd2 N7b6 18. Ra2 Nc4 19. Ba5 Rab8 20. Rc1 Nxa5 21. Rxa5 Nb4 22. Nxb4 Rxb4 23. Rxc7 Bd8 24. Rac5 Bxc7 25. Rxc7 Rxd4 26. Rc2 Rfd8 27. Bf3 Rd2 28. Rxd2 Rxd2 29. b3 Rb2 30. Bg4 Kf7 0-1


[Site "https://www.chess.com"]

[Event "Titled Tuesday Blitz November 22 Early 2022"]
[White "Levitan, Caleb Levi"]
[Black "Simonovic, Miroslav"]
[WhiteFideId "14332620"]
[BlackFideId "919152"]
[WhiteElo "1963"]
[BlackElo "2043"]
[Result "1-0"]
[Round "07"]
[TimeControl "180+1"]
[Date "2022.11.23"]
[WhiteClock "0:00:02"]
[BlackClock "0:00:29"]

1. e4 c5 2. Nf3 Nc6 3. Nc3 e5 4. Bc4 g6 5. d3 h6 6. O-O Bg7 7. Ne1 Nge7 8. f4 exf4 9. Bxf4 O-O 10. Bd6 b6 11. Nb5 a6 12. Bc7 axb5 13. Bxd8 bxc4 14. Bxe7 Nxe7 15. dxc4 Bxb2 16. Rb1 Rxa2 17. Kh1 Nc6 18. Nd3 Bg7 19. Rxb6 Nd4 20. Nxc5 Rxc2 21. Rd6 Rxc4 22. Nxd7 Bxd7 23. Rxd7 Ne6 24. Qd5 Rc5 25. Qb7 Rc4 26. Rdxf7 Rc7 27. Rxf8+ Bxf8 28. Qd5 Re7 29. Rf6 Kh7 30. Rxe6 Rf7 31. h3 Bg7 32. Re8 Rf1+ 33. Kh2 h5 34. Re7 Kh6 35. Qb7 Bf6 36. Rh7+ Kg5 37. Qb5+ Kf4 38. Qxf1+ Ke5 39. Rf7 Bg5 40. Qf3 h4 41. Qg4 Be3 42. Qxg6 Kd4 43. Qd6+ Kc3 44. e5 Bd4 45. Rf3+ Kc4 46. Rf4 Kb3 47. Rxd4 Kc2 48. Rb4 Kc3 49. Qd4+ Kc2 50. Rb2+ Kc1 51. Qd2# 1-0


[Site "https://www.chess.com"]

[Event "Titled Tuesday Blitz November 22 Early 2022"]
[White "Li, Hui"]
[Black "Kiseljova, Marya"]
[WhiteFideId "15400310"]
[BlackFideId "4155009"]
[WhiteElo "1954"]
[BlackElo "1907"]
[Result "1/2-1/2"]
[Round "07"]
[TimeControl "180+1"]
[Date "2022.11.23"]
[WhiteClock "0:00:04"]
[BlackClock "0:00:08"]

1. e4 c5 2. Nf3 Nc6 3. d4 cxd4 4. Nxd4 g6 5. Nc3 Bg7 6. Be3 Nf6 7. Bc4 O-O 8. Bb3 Re8 9. h4 h5 10. f3 e6 11. Nxc6 dxc6 12. Qxd8 Rxd8 13. a4 a5 14. Kf2 b6 15. Bxb6 Rd2+ 16. Ke1 Rxg2 17. Bf2 Ba6 18. Rg1 Rxg1+ 19. Bxg1 Rd8 20. Rd1 Rxd1+ 21. Kxd1 Nd7 22. Be3 Bf6 23. Bf2 Bd8 24. Ne2 Ne5 25. f4 Ng4 26. Be1 Ne3+ 27. Kd2 Ng4 28. Nd4 Bb7 29. Ke2 c5 30. Nf3 Bxe4 31. Ng5 Bd5 32. Bc3 Bxb3 33. cxb3 Bf6 34. Kd3 Kg7 35. Kc4 Nf2 36. Bxa5 Bxb2 37. Kxc5 Nd3+ 38. Kb5 Nxf4 39. b4 f6 40. Ne4 Nd5 41. Nc5 Bc3 42. Nxe6+ Kf7 43. Nc5 g5 44. hxg5 fxg5 45. Kc4 h4 46. Kxd5 h3 47. Bc7 Bxb4 48. Ne4 g4 49. Ng3 Be1 50. Nh1 Ke8 51. a5 Kd7 52. Bg3 Bxa5 53. Ke4 Bc7 54. Bf2 g3 55. Bxg3 Bxg3 56. Nxg3 Ke6 57. Kf3 Kf6 58. Nh1 Kg5 59. Kg3 h2 60. Kg2 Kh4 61. Kxh2 1/2-1/2


[Site "https://www.chess.com"]

[Event "Titled Tuesday Blitz November 22 Early 2022"]
[White "Manon-og, Ramon Jr."]
[Black "Adithya A Chullikkad"]
[WhiteFideId "5200776"]
[BlackFideId "45078734"]
[WhiteElo "2312"]
[BlackElo "2106"]
[Result "1-0"]
[Round "07"]
[TimeControl "180+1"]
[Date "2022.11.23"]
[WhiteClock "0:00:04"]
[BlackClock "0:00:16"]

1. e4 c6 2. d4 d5 3. e5 e6 4. Nd2 c5 5. Ngf3 cxd4 6. Nxd4 Bc5 7. N2f3 Ne7 8. Bg5 Nbc6 9. c3 h6 10. Be3 Bb6 11. Bd3 Bd7 12. O-O a6 13. Rc1 Ba7 14. Bb1 Qc7 15. Bf4 g5 16. Bg3 g4 17. Nxc6 bxc6 18. Nh4 h5 19. c4 Rb8 20. cxd5 Nxd5 21. b3 Qa5 22. Qd3 Rb4 23. Rc4 Rb8 24. Rfc1 Qa3 25. Rd1 Qb2 26. Rc2 Qa3 27. Rdc1 Nb4 28. Qe2 Nxc2 29. Qxc2 Rb5 30. Rd1 Rc5 31. Qe2 Rd5 32. Rf1 c5 33. Qe3 Bb5 34. Re1 Bb6 35. Qg5 Qb4 36. Rc1 Qd2 37. Qxd2 Rxd2 38. h3 Ke7 39. Bf4 Rd4 40. Bg5+ Kd7 41. Be3 Rd5 42. Bf4 Rc8 43. hxg4 hxg4 44. g3 c4 45. bxc4 Rxc4 46. Re1 Rcd4 47. Bc2 Bd3 48. Bb3 Bc4 49. Ba4+ Bb5 50. Bb3 Rc5 51. Be3 Rcd5 52. Bxd5 exd5 53. Bxd4 Bxd4 54. Rd1 Bxe5 55. Rxd5+ Ke6 56. Rd1 Bc4 57. a3 Bd6 58. Rc1 Bb5 59. a4 Bxa4 60. Rc4 Bb5 61. Rxg4 a5 62. Nf3 Be2 63. Nd4+ Kd5 64. Nxe2 Bb4 65. Nc1 f5 66. Rf4 Ke5 67. Nd3+ Kd5 68. Nxb4+ axb4 69. Rxb4 Ke5 70. Rf4 Ke6 71. Kg2 1-0


[Site "https://www.chess.com"]

[Event "Titled Tuesday Blitz November 22 Early 2022"]
[White "Martin, Lewis"]
[Black "Papp, Levente"]
[WhiteFideId "410551"]
[BlackFideId "751243"]
[WhiteElo "2145"]
[BlackElo "2380"]
[Result "0-1"]
[Round "07"]
[TimeControl "180+1"]
[Date "2022.11.23"]
[WhiteClock "0:00:01"]
[BlackClock "0:00:03"]

1. e4 e6 2. d4 d5 3. Nd2 Nc6 4. Ngf3 Nf6 5. e5 Nd7 6. Bb5 a6 7. Bxc6 bxc6 8. c3 c5 9. O-O Be7 10. Re1 O-O 11. Nf1 cxd4 12. Nxd4 Bb7 13. f4 c5 14. Nf3 Qb6 15. Re2 d4 16. c4 Bxf3 17. gxf3 f5 18. exf6 Rxf6 19. b3 Bd6 20. Qe1 Nf8 21. Ng3 Bxf4 22. Bxf4 Rxf4 23. Qf2 Qc6 24. Re4 Ng6 25. Rae1 Raf8 26. Rxe6 Qxf3 27. Qxf3 Rxf3 28. Rxa6 Rd8 29. Ra7 d3 30. Rd1 Nf4 31. Ne4 Re3 32. Nxc5 d2 33. Kf2 Re5 34. Rd7 Rde8 35. Nd3 Re2+ 36. Kf3 Ng6 37. Kg4 Rg2+ 38. Kh3 Rge2 39. Nc5 Nf8 40. R7xd2 R8e3+ 41. Kg4 h5+ 42. Kxh5 Re5+ 43. Kg4 Rxd2 44. Rxd2 Rxc5 45. Rd5 Rc7 46. a4 Ne6 47. Rd3 Kf7 48. Kf5 g6+ 49. Ke5 Rc5+ 50. Rd5 Rc7 51. b4 Nf8 52. c5 Re7+ 53. Kd6 Re6+ 54. Kc7 Re4 55. b5 Ne6+ 56. Kb6 Rxa4 57. c6 Rc4 58. Rd7+ Ke8 59. Rh7 g5 60. Rh5 Ke7 61. Rh6 Kd6 0-1


[Site "https://www.chess.com"]

[Event "Titled Tuesday Blitz November 22 Early 2022"]
[White "Matinian, Nikita"]
[Black "Balabayeva, Xeniya"]
[WhiteFideId "24129100"]
[BlackFideId "13719688"]
[WhiteElo "2422"]
[BlackElo "2041"]
[Result "1-0"]
[Round "07"]
[TimeControl "180+1"]
[Date "2022.11.23"]
[WhiteClock "0:00:54"]
[BlackClock "0:00:01"]

1. e4 c6 2. d4 d5 3. e5 Bf5 4. Nf3 e6 5. Be2 Nd7 6. O-O h6 7. Nbd2 Bh7 8. Nb3 Ne7 9. a4 Nf5 10. a5 a6 11. c4 dxc4 12. Bxc4 Be7 13. Bd2 O-O 14. Qe2 Qc7 15. Rac1 Rfe8 16. Bd3 Rad8 17. g4 Nh4 18. Bxh7+ Kxh7 19. Nxh4 Bxh4 20. f4 Be7 21. f5 f6 22. fxe6 Nf8 23. Qe4+ Kg8 24. Bxh6 Nxe6 25. Qg6 Bb4 26. exf6 Qf7 27. Qxf7+ Kxf7 28. fxg7+ Kg6 29. g5 Nxg5 30. Bxg5 Kxg5 31. Nc5 Bxc5 32. Rxc5+ Kg6 33. Rcf5 Kxg7 34. Rf7+ Kg6 35. Rxb7 Rxd4 36. Rb6 Re6 37. Rxa6 Rd2 38. Rf2 Rd4 39. Rb6 Kg5 40. Rb3 Ra4 41. Rg3+ Kh6 42. Rf8 Kh7 43. Rf5 Ra1+ 44. Kg2 Ra4 45. Rh5+ Rh6 46. Rxh6+ Kxh6 47. Ra3 1-0


[Site "https://www.chess.com"]

[Event "Titled Tuesday Blitz November 22 Early 2022"]
[White "Matveeva, Olga"]
[Black "Thorhallsson, Simon"]
[WhiteFideId "24107018"]
[BlackFideId "2310090"]
[WhiteElo "2055"]
[BlackElo "2109"]
[Result "0-1"]
[Round "07"]
[TimeControl "180+1"]
[Date "2022.11.23"]
[WhiteClock "0:00:34"]
[BlackClock "0:01:18"]

1. d4 Nf6 2. c4 e6 3. g3 Bb4+ 4. Bd2 Qe7 5. Nf3 Nc6 6. Nc3 Bxc3 7. Bxc3 Ne4 8. Rc1 O-O 9. Bg2 d6 10. O-O Nxc3 11. Rxc3 e5 12. d5 Nb8 13. b4 a5 14. a3 axb4 15. axb4 Bg4 16. c5 Na6 17. cxd6 Qxd6 18. Rc4 Bxf3 19. Bxf3 Nxb4 20. Qb3 c5 21. dxc6 Nxc6 22. Qxb7 Na5 23. Qc7 Nxc4 24. Qxc4 Rac8 25. Qh4 Rfe8 26. Be4 g6 27. Qh6 Rc4 28. Bg2 Rd4 29. e3 Rd1 30. h4 Rxf1+ 31. Bxf1 Rb8 32. h5 Qf6 33. hxg6 hxg6 34. Qh3 Kg7 35. Qg4 Rb2 36. Be2 Qc6 37. Qf3 Rb1+ 38. Bf1 Qxf3 0-1


[Site "https://www.chess.com"]

[Event "Titled Tuesday Blitz November 22 Early 2022"]
[White "Melikyan, Gnel"]
[Black "Ozen, Bahadir"]
[WhiteFideId "54109990"]
[BlackFideId "6337058"]
[WhiteElo "2138"]
[BlackElo "2503"]
[Result "1/2-1/2"]
[Round "07"]
[TimeControl "180+1"]
[Date "2022.11.22"]
[WhiteClock "0:00:02"]
[BlackClock "0:00:10"]

1. Nf3 Nf6 2. c4 d6 3. g3 e5 4. Bg2 Be7 5. O-O O-O 6. d4 Nbd7 7. Nc3 c6 8. b3 Re8 9. dxe5 dxe5 10. Bb2 Qc7 11. Rc1 a5 12. Qc2 Bf8 13. Rfd1 Nc5 14. Ng5 h6 15. Nge4 Nfxe4 16. Nxe4 Nxe4 17. Bxe4 Be6 18. Bh7+ Kh8 19. Bf5 a4 20. Bxe6 Rxe6 21. bxa4 Bc5 22. Qb3 Re7 23. Ba3 Bxa3 24. Qxa3 Ree8 25. Rb1 Kg8 26. c5 Ra7 27. Rb4 Qe7 28. Qb3 g6 29. Rd6 Kg7 30. Qc3 Kg8 31. Qb3 Kg7 32. Qb2 Kg8 33. Kg2 e4 34. Qb3 Kg7 35. Qc3+ Qe5 36. Qxe5+ Rxe5 37. Rd7 Rxc5 38. Rbxb7 Rxb7 39. Rxb7 Rc2 40. e3 Rxa2 41. Rb4 f5 42. Rc4 Ra1 43. h3 h5 44. g4 h4 45. gxf5 gxf5 46. Rc5 Rxa4 47. Rxf5 Kg6 48. Rf4 Kg5 49. Rg4+ Kh5 50. Rg8 c5 51. Rc8 Rc4 52. Re8 Kg5 53. Re5+ Kg6 54. Kf1 Rc1+ 55. Ke2 Rc2+ 56. Ke1 Kh6 57. Rf5 Kg6 58. Rf4 Kg5 59. Rg4+ Kh5 60. Rxe4 Kg5 61. Rg4+ Kh5 62. Kf1 c4 63. Rd4 Kg5 64. Kg2 c3 65. Rg4+ Kh5 66. Rc4 Rc1 67. f4 Kg6 68. Rc5 c2 69. e4 Re1 70. Rxc2 Rxe4 71. Kf3 Ra4 72. Kg4 Rd4 73. Rc6+ Kg7 74. Rc5 Kf6 75. Rf5+ Kg6 76. Rg5+ Kh6 77. Rh5+ Kg6 78. Rxh4 Kg7 79. Rh5 Kg6 80. Rg5+ Kf6 81. h4 Rd1 82. Kh5 Rh1 83. Ra5 Rh2 84. f5 Rh1 85. Ra2 Kxf5 86. Rf2+ Ke6 87. Kg5 Rg1+ 88. Kh6 Ke7 89. h5 Rg3 90. Kh7 Rg4 91. h6 Rg3 92. Rf5 Ke6 93. Rf8 Ke7 94. Rg8 Rh3 95. Rg5 Kf6 96. Rg1 Kf7 97. Rf1+ Ke7 98. Rg1 Kf7 99. Rg7+ Kf8 100. Rg6 Kf7 101. Ra6 Rh1 102. Kh8 Rh2 103. Ra7+ Kg6 104. h7 Rc2 105. Rg7+ Kh6 106. Rg8 Rc7 107. Rf8 Rxh7+ 108. Kg8 Rg7+ 109. Kh8 Rh7+ 110. Kg8 Kg6 111. Rf6+ Kxf6 112. Kxh7 1/2-1/2


[Site "https://www.chess.com"]

[Event "Titled Tuesday Blitz November 22 Early 2022"]
[White "Movahed, Sina"]
[Black "Ferreira, Vitor Hugo Vieira"]
[WhiteFideId "42520835"]
[BlackFideId "2119765"]
[WhiteElo "2225"]
[BlackElo "2168"]
[Result "1-0"]
[Round "07"]
[TimeControl "180+1"]
[Date "2022.11.23"]
[WhiteClock "0:00:36"]
[BlackClock "0:00:04"]

1. e4 c5 2. Nf3 d6 3. d4 cxd4 4. Nxd4 Nf6 5. Nc3 a6 6. Bg5 e6 7. f4 Be7 8. Qf3 h6 9. Bh4 Qc7 10. O-O-O Nbd7 11. f5 Ne5 12. Qh3 exf5 13. exf5 b5 14. Bxf6 Bxf6 15. Nd5 Bg5+ 16. Kb1 Qc5 17. Nb3 Qa7 18. g4 O-O 19. Qg3 Bb7 20. h4 Bxd5 21. Rxd5 Be7 22. g5 Kh8 23. Bg2 f6 24. Nd4 Rg8 25. Ne6 Rac8 26. Qf4 Nf7 27. Bf3 Qf2 28. Rd2 Qa7 29. b3 d5 30. Rxd5 Ba3 31. Bh5 Nd8 32. gxf6 Nxe6 33. fxe6 gxf6 34. Bf7 Rg1+ 35. Rd1 Rxh1 36. Qxh6# 1-0


[Site "https://www.chess.com"]

[Event "Titled Tuesday Blitz November 22 Early 2022"]
[White "Mrudul Dehankar"]
[Black "Wagner, Dennis"]
[WhiteFideId "25096990"]
[BlackFideId "24650684"]
[WhiteElo "2068"]
[BlackElo "2470"]
[Result "1-0"]
[Round "07"]
[TimeControl "180+1"]
[Date "2022.11.23"]
[WhiteClock "0:00:19"]
[BlackClock "0:00:02"]

1. e4 e5 2. Nf3 Nc6 3. Bb5 a6 4. Ba4 Nf6 5. O-O Be7 6. Re1 b5 7. Bb3 O-O 8. c3 d5 9. exd5 Nxd5 10. a4 b4 11. Nxe5 Nxe5 12. Rxe5 Bb7 13. d4 Bf6 14. Re1 c5 15. c4 Ne7 16. d5 Nf5 17. Bc2 Nd4 18. Bd3 Re8 19. Nd2 Rxe1+ 20. Qxe1 Qd7 21. Ne4 Be7 22. Be3 h6 23. Bxd4 cxd4 24. Ng3 Bc5 25. Qe4 g6 26. Re1 Qxa4 27. h4 Kf8 28. Qe5 Kg8 29. Qc7 Bxd5 30. cxd5 Bf8 31. Ne4 Bg7 32. d6 Qb3 33. Bc4 1-0


[Site "https://www.chess.com"]

[Event "Titled Tuesday Blitz November 22 Early 2022"]
[White "Muminova, Nafisa"]
[Black "Goriatchkin, Jouri"]
[WhiteFideId "14201526"]
[BlackFideId "4120183"]
[WhiteElo "2258"]
[BlackElo "1909"]
[Result "0-1"]
[Round "07"]
[TimeControl "180+1"]
[Date "2022.11.23"]
[WhiteClock "0:01:00"]
[BlackClock "0:01:52"]

1. e4 c6 2. d4 d5 3. exd5 cxd5 4. Bd3 Nc6 5. c3 Nf6 6. h3 g6 7. Nf3 Bf5 8. Be2 Qc7 9. O-O Bg7 10. Nbd2 O-O 11. Re1 a6 12. Nf1 b5 13. Ng3 b4 14. Nxf5 gxf5 15. Bd3 e6 16. Bg5 Ne4 17. c4 Nxg5 18. Nxg5 dxc4 19. Bxc4 Nxd4 20. Rc1 Qf4 21. Nf3 Nxf3+ 22. Qxf3 Qxf3 23. g3 Bxb2 0-1


[Site "https://www.chess.com"]

[Event "Titled Tuesday Blitz November 22 Early 2022"]
[White "Munkhgal, Gombosuren"]
[Black "Shimanov, Aleksandr"]
[WhiteFideId "4901266"]
[BlackFideId "4198603"]
[WhiteElo "2576"]
[BlackElo "2605"]
[Result "0-1"]
[Round "07"]
[TimeControl "180+1"]
[Date "2022.11.22"]
[WhiteClock "0:00:03"]
[BlackClock "0:01:09"]

1. d4 Nf6 2. Bf4 g6 3. Nc3 d5 4. e3 Bg7 5. h4 c6 6. h5 Nxh5 7. Rxh5 gxh5 8. Qxh5 Nd7 9. Nf3 Nf6 10. Qh4 Qa5 11. O-O-O Ne4 12. Nxe4 dxe4 13. Ng5 Qxa2 14. b3 Bf5 15. Bc4 e6 16. g4 Bg6 17. Bd6 Bf6 18. Qh6 Qa1+ 19. Kd2 Qa5+ 20. b4 Qxg5 21. Qh2 Qxg4 22. Rg1 Qf5 23. Bc7 Be7 24. Qh6 Qxf2+ 25. Kc3 Qxg1 0-1


[Site "https://www.chess.com"]